[Event "Titled Tuesday Blitz August 16 Late 2022"]
[White "Olenik Campa, Rudi"]
[Black "Levine, David"]
[WhiteFideId "14633264"]
[BlackFideId "2011611"]
[WhiteElo "2008"]
[BlackElo "2068"]
[Result "1-0"]
[Round "04"]
[TimeControl "180+1"]
[Date "2022.08.18"]
[WhiteClock "0:00:00"]
[BlackClock "0:00:00"]

1. e4 e5 2. Nf3 Nc6 3. Bb5 a6 4. Ba4 Nf6 5. O-O Be7 6. Re1 b5 7. Bb3 d6 8. c3 O-O 9. d4 Bg4 10. Be3 Na5 11. Bc2 c5 12. h3 Bxf3 13. Qxf3 cxd4 14. cxd4 Nc4 15. Bc1 Rc8 16. Bb3 Na5 17. Be3 Nxb3 18. axb3 a5 19. d5 Rc2 20. Nc3 Rxb2 21. Nxb5 Rxb3 22. Na7 Nd7 23. Nc6 Re8 24. Nxd8 1-0


[Site "https://www.chess.com"]

[Event "Titled Tuesday Blitz August 16 Late 2022"]
[White "Omelja, Artem"]
[Black "Liu, Casper"]
[WhiteFideId "14119846"]
[BlackFideId "1454153"]
[WhiteElo "2382"]
[BlackElo "2025"]
[Result "1-0"]
[Round "04"]
[TimeControl "180+1"]
[Date "2022.08.18"]
[WhiteClock "0:00:00"]
[BlackClock "0:00:00"]

1. d4 Nf6 2. c4 g6 3. Nc3 Bg7 4. e4 d6 5. f3 O-O 6. Nge2 e5 7. Be3 exd4 8. Nxd4 Nbd7 9. Qd2 c6 10. Be2 Re8 11. O-O Nc5 12. Rfd1 Nh5 13. Nxc6 bxc6 14. Bxc5 Qh4 15. Bxd6 Rd8 16. g3 Qh3 17. Qe3 Be6 18. Bf1 1-0


[Site "https://www.chess.com"]

[Event "Titled Tuesday Blitz August 16 Late 2022"]
[White "Oro, Luis"]
[Black "Al Hosani, Omran"]
[WhiteFideId "104094"]
[BlackFideId "9308733"]
[WhiteElo "2255"]
[BlackElo "2236"]
[Result "0-1"]
[Round "04"]
[TimeControl "180+1"]
[Date "2022.08.18"]
[WhiteClock "0:00:00"]
[BlackClock "0:00:00"]

1. e4 c5 2. Nf3 Nc6 3. d4 cxd4 4. Nxd4 Nf6 5. Nc3 e5 6. Ndb5 d6 7. Nd5 Nxd5 8. exd5 Ne7 9. c4 a6 10. Qa4 axb5 11. Qxa8 g6 12. Bd3 Bg7 13. O-O O-O 14. Qa3 f5 15. f3 bxc4 16. Bxc4 b5 17. Be2 Nxd5 18. Qb3 Be6 19. Rd1 Nc7 20. Qb4 d5 21. Bd2 d4 22. Rac1 e4 23. Be1 d3 24. Bf1 Nd5 25. Qxb5 Ne3 26. Rc6 Nxd1 27. Rxe6 d2 28. Bg3 f4 29. Qb3 Qd4+ 0-1


[Site "https://www.chess.com"]

[Event "Titled Tuesday Blitz August 16 Late 2022"]
[White "Ozalp, Burak"]
[Black "Levin, Anthony"]
[WhiteFideId "6314210"]
[BlackFideId "30940680"]
[WhiteElo "1854"]
[BlackElo "1940"]
[Result "1-0"]
[Round "04"]
[TimeControl "180+1"]
[Date "2022.08.18"]
[WhiteClock "0:00:00"]
[BlackClock "0:00:00"]

1. e4 c5 2. Nf3 d6 3. d4 cxd4 4. Nxd4 Nf6 5. Nc3 a6 6. Bg5 Nbd7 7. Qe2 h6 8. Bh4 g6 9. f4 e5 10. O-O-O Be7 11. Nf3 Qc7 12. Bxf6 Nxf6 13. fxe5 dxe5 14. Nd5 Nxd5 15. exd5 Bd6 16. h4 Bg4 17. Rd3 O-O 18. h5 e4 19. Qxe4 Bf5 20. Qd4 Bxd3 21. Bxd3 g5 22. Qe4 f5 23. Qe6+ Kh8 24. Qxh6+ Kg8 25. Qe6+ Kh8 26. Kb1 Bf4 27. Bxf5 Qd6 28. Nd4 Qxe6 29. Bxe6 Be5 30. Nf5 Rae8 31. g4 Bf4 32. c4 b5 33. b3 bxc4 34. bxc4 Rb8+ 35. Kc2 Be5 36. Rb1 Rxb1 37. Kxb1 Rb8+ 38. Kc2 Rb2+ 39. Kd3 Rxa2 40. c5 Bf6 41. d6 Ra3+ 42. Ke4 a5 43. Kd5 1-0


[Site "https://www.chess.com"]

[Event "Titled Tuesday Blitz August 16 Late 2022"]
[White "Ozates, Tuna"]
[Black "Riehle, Marco"]
[WhiteFideId "6354521"]
[BlackFideId "12904392"]
[WhiteElo "1887"]
[BlackElo "2462"]
[Result "0-1"]
[Round "04"]
[TimeControl "180+1"]
[Date "2022.08.18"]
[WhiteClock "0:00:00"]
[BlackClock "0:00:00"]

1. e4 e5 2. Nf3 Nf6 3. Nc3 Nc6 4. a3 Bc5 5. Nxe5 Nxe5 6. d4 Bd6 7. dxe5 Bxe5 8. Bd3 O-O 9. f4 Bxc3+ 10. bxc3 Nxe4 11. Bxe4 Re8 12. O-O Rxe4 13. f5 d5 14. f6 Bg4 15. Qd2 Be2 16. Rf2 Bc4 17. h3 Qd6 18. a4 Rae8 19. Ba3 Qg3 20. Be7 gxf6 21. Rf3 Qg6 22. Rxf6 Qg7 23. Rf5 Re2 24. Qxe2 Bxe2 25. Bf6 Qh6 26. Re1 Re6 27. Bd4 Bc4 28. Rxe6 fxe6 29. Rf6 Qc1+ 30. Kh2 Qxc2 31. Rxe6 Qxa4 32. Re7 Qc6 33. Rg7+ Kf8 34. Rxh7 a5 35. g3 a4 36. h4 a3 37. Rh8+ Kf7 38. h5 a2 39. Ra8 Ba6 0-1


[Site "https://www.chess.com"]

[Event "Titled Tuesday Blitz August 16 Late 2022"]
[White "Pakleza, Zbigniew"]
[Black "Martinez Alcantara, Jose Eduardo"]
[WhiteFideId "1119290"]
[BlackFideId "3805662"]
[WhiteElo "2411"]
[BlackElo "2703"]
[Result "1/2-1/2"]
[Round "04"]
[TimeControl "180+1"]
[Date "2022.08.16"]
[WhiteClock "0:00:02"]
[BlackClock "0:00:02"]

1. d4 Nf6 2. Nf3 e6 3. Bf4 b6 4. e3 Bb7 5. h3 Be7 6. Nbd2 O-O 7. Bd3 c5 8. c3 cxd4 9. cxd4 d6 10. O-O a6 11. Qe2 Nc6 12. Rac1 Re8 13. a3 b5 14. Bg3 Qb6 15. Rc2 Rac8 16. Rfc1 Na7 17. e4 Rxc2 18. Rxc2 Nc6 19. Qe3 Rc8 20. Bh4 Na7 21. e5 dxe5 22. Rxc8+ Nxc8 23. Qxe5 h6 24. Bg3 Bd6 25. Qe3 Bxg3 26. fxg3 Ne7 27. Nb3 Qd6 28. Ne5 Bd5 29. Nc5 Qb6 30. b4 Nc6 31. Kh2 Nxe5 32. Qxe5 Ne8 33. Nd7 Qd8 34. Nc5 Nd6 35. Nxa6 Bc4 36. Bxc4 Nxc4 37. Qxb5 Qxd4 38. Nc5 Ne3 39. Qe8+ Kh7 40. Qxf7 Qd2 41. Qf3 Qe1 42. h4 Nf1+ 43. Kh3 Ne3 44. Kh2 Nf1+ 45. Kh3 Ne3 46. g4 Qh1+ 47. Kg3 Qe1+ 48. Qf2 Nf1+ 49. Kf3 Nd2+ 50. Kg3 Nf1+ 51. Kf3 Nh2+ 52. Kg3 Nf1+ 1/2-1/2


[Site "https://www.chess.com"]

[Event "Titled Tuesday Blitz August 16 Late 2022"]
[White "Paravyan, David"]
[Black "Wieczorek, Oskar"]
[WhiteFideId "4194985"]
[BlackFideId "1133950"]
[WhiteElo "2569"]
[BlackElo "2302"]
[Result "1/2-1/2"]
[Round "04"]
[TimeControl "180+1"]
[Date "2022.08.16"]
[WhiteClock "0:00:59"]
[BlackClock "0:00:27"]

1. e4 c5 2. Nf3 e6 3. d4 cxd4 4. Nxd4 Nf6 5. Nc3 d6 6. g4 e5 7. Nf5 h5 8. Bg5 hxg4 9. Nd5 Bxf5 10. Bxf6 gxf6 11. exf5 Bh6 12. c3 Bg5 13. Bg2 Nd7 14. O-O Nb6 15. a4 Nxd5 16. Qxd5 Bf4 17. Rfd1 Bxh2+ 18. Kf1 Rb8 19. Qxd6 Qxd6 20. Rxd6 Ke7 21. Rad1 Rhd8 22. Rxd8 Rxd8 23. Rxd8 Kxd8 24. Bxb7 Bf4 25. Ke2 Kc7 26. Bd5 a5 27. Kd3 Kd6 28. Bxf7 Kc5 29. Bh5 g3 30. fxg3 Bxg3 31. Bf3 Bf4 32. Be4 Bc1 33. Kc2 Be3 34. Kb3 Bd2 35. Ka3 Be1 36. Ka2 Bd2 37. Kb1 Be1 38. Kc2 Bh4 39. Kd3 Bg5 40. Bb7 Bc1 41. Kc2 Be3 42. Kd1 Bf4 43. Bc8 Bg5 44. Be6 Bf4 45. Bf7 Be3 46. b3 Bf2 47. Ke2 Bh4 48. Kf3 Be1 49. c4 Bd2 50. Ke4 Bg5 51. Be6 Bh4 52. Kd3 Bg5 53. Bd5 Bh4 54. Be6 Be1 55. Bg8 Bh4 56. Bf7 Be1 57. Bh5 Bh4 58. Bf3 Be1 59. Be4 Bh4 60. Bd5 Be1 61. Ba8 Bh4 62. Bg2 Bg5 63. Bf3 Bh4 64. Be4 Bg5 65. Bg2 Bh4 66. Be4 Bg5 67. Bg2 Bh4 68. Be4 1/2-1/2


[Site "https://www.chess.com"]

[Event "Titled Tuesday Blitz August 16 Late 2022"]
[White "Pham, Khoi"]
[Black "Harshal, Shahi"]
[WhiteFideId "1054988"]
[BlackFideId "5048257"]
[WhiteElo "2376"]
[BlackElo "2054"]
[Result "0-1"]
[Round "04"]
[TimeControl "180+1"]
[Date "2022.08.18"]
[WhiteClock "0:00:00"]
[BlackClock "0:00:00"]

1. d4 d5 2. c4 Nf6 3. cxd5 Nxd5 4. Nf3 g6 5. e4 Nb6 6. Nc3 Bg7 7. Be2 O-O 8. O-O N8d7 9. Be3 c6 10. a4 a5 11. Qd2 Re8 12. Rfd1 Nf8 13. Rac1 Be6 14. Bh6 Bb3 15. Re1 Nxa4 16. Bxg7 Kxg7 17. Nxa4 Bxa4 18. d5 e5 19. Nxe5 Rxe5 20. Qd4 Qf6 21. Qxa4 cxd5 22. exd5 Rae8 23. Qb5 Qg5 24. Kf1 Rxe2 25. Qxe2 Rxe2 26. Kxe2 Qxd5 27. Kf1 Ne6 28. Red1 Qb5+ 29. Kg1 Nf4 30. Rc7 Qe5 31. Rxb7 Qe4 0-1


[Site "https://www.chess.com"]

[Event "Titled Tuesday Blitz August 16 Late 2022"]
[White "Pichot, Alan"]
[Black "Badmatsyrenov, Oleg"]
[WhiteFideId "110973"]
[BlackFideId "24115762"]
[WhiteElo "2578"]
[BlackElo "2403"]
[Result "1/2-1/2"]
[Round "04"]
[TimeControl "180+1"]
[Date "2022.08.16"]
[WhiteClock "0:00:10"]
[BlackClock "0:00:11"]

1. e4 c5 2. Nf3 e6 3. d4 cxd4 4. Nxd4 a6 5. Be2 Nf6 6. Nc3 Qc7 7. O-O Nc6 8. Be3 Bb4 9. Na4 b5 10. Nxc6 dxc6 11. Nb6 Rb8 12. Nxc8 Rxc8 13. Bf3 Rd8 14. Qe2 e5 15. a4 O-O 16. axb5 axb5 17. c4 bxc4 18. Qxc4 c5 19. Rfc1 Rc8 20. Ra6 Rfd8 21. g3 h6 22. Bxh6 Bd2 23. Bxd2 Rxd2 24. b4 Rd4 25. Qxc5 Qxc5 26. Rxc5 Rb8 27. b5 Nxe4 28. Rxe5 Nf6 29. b6 Nd7 30. Rb5 Rd6 31. Ra7 Nxb6 32. h4 g6 33. h5 Rf6 34. Kg2 Kg7 35. g4 gxh5 36. gxh5 Nd7 37. Rd5 Nf8 38. Rg5+ Kh6 39. Rg8 Nd7 40. Rxb8 Nxb8 41. Kg3 Kg7 42. Bd5 Nc6 43. Ra4 Ne5 44. Be4 Nd7 45. Ra5 Rd6 46. Ra7 Kh6 47. Bf3 Kg7 48. Bg4 Nf6 49. Bf3 Rd3 50. Kg2 Rd4 51. Ra5 Kh6 52. Rf5 Kg7 53. Rg5+ Kh6 54. Rf5 Rd6 55. Re5 Re6 56. Ra5 Rd6 57. Kg3 Nh7 58. Kf4 Rf6+ 59. Ke3 Ng5 60. Bg4 Rd6 61. f4 Nh7 62. Ra7 Nf6 63. Bf3 Rd7 64. Ra6 Kg7 65. h6+ Kg6 66. h7 Rd8 67. Be4+ Kg7 68. Ra7 Nxh7 69. Bxh7 Kxh7 70. Rxf7+ Kg6 71. Re7 Kf6 72. Ra7 Re8+ 73. Kf3 Re1 74. Ra6+ Kf5 75. Ra5+ Kf6 76. Ra2 Rf1+ 77. Ke3 Re1+ 78. Kf2 Re4 79. Kf3 Re1 80. Rh2 Rf1+ 81. Kg4 Rg1+ 82. Kf3 Rf1+ 83. Rf2 Rxf2+ 84. Kxf2 Kf5 1/2-1/2


[Site "https://www.chess.com"]

[Event "Titled Tuesday Blitz August 16 Late 2022"]
[White "Pires, Marcos Vinicius Torsani"]
[Black "Amburgy, Ryan"]
[WhiteFideId "2118939"]
[BlackFideId "30924820"]
[WhiteElo "2273"]
[BlackElo "2066"]
[Result "0-1"]
[Round "04"]
[TimeControl "180+1"]
[Date "2022.08.18"]
[WhiteClock "0:00:00"]
[BlackClock "0:00:00"]

1. d4 Nf6 2. Bf4 b6 3. e3 Bb7 4. Nf3 Nh5 5. Bg5 h6 6. Bh4 g5 7. Nfd2 Nf4 8. exf4 gxh4 9. h3 e6 10. c3 Qf6 11. Qg4 Bd6 12. Nf3 Bxf4 13. Qxh4 Qxh4 14. Nxh4 Rg8 15. Nd2 d6 16. O-O-O Nd7 17. Kc2 O-O-O 18. Nhf3 e5 19. dxe5 Nxe5 20. Nxe5 dxe5 21. f3 f5 22. Nc4 Rxd1 23. Kxd1 Rd8+ 24. Kc2 e4 25. Be2 b5 26. g3 exf3 27. gxf4 fxe2 0-1


[Site "https://www.chess.com"]

[Event "Titled Tuesday Blitz August 16 Late 2022"]
[White "Postnikov, Daniil"]
[Black "Martinez, Shawn"]
[WhiteFideId "4166329"]
[BlackFideId "2039770"]
[WhiteElo "2261"]
[BlackElo "2174"]
[Result "0-1"]
[Round "04"]
[TimeControl "180+1"]
[Date "2022.08.18"]
[WhiteClock "0:00:00"]
[BlackClock "0:00:00"]

1. e4 c5 2. a3 e6 3. b4 b6 4. d4 cxd4 5. Qxd4 Bb7 6. Bb2 Nc6 7. Qe3 d6 8. Nd2 Nf6 9. Be2 Be7 10. g4 O-O 11. h4 d5 12. g5 Nxe4 13. Nxe4 dxe4 14. Rd1 Qc7 15. Qc3 f6 16. b5 Bc5 17. bxc6 Bxc6 18. g6 e3 19. Nf3 exf2+ 20. Kf1 Qg3 21. Qb3 Rae8 22. h5 a5 23. gxh7+ Kh8 24. Bd4 a4 25. Qe3 Bxd4 26. Rxd4 e5 27. Rd6 Rc8 28. Qxf2 Qf4 29. Rh4 Qc1+ 30. Rd1 Qxc2 31. Rc4 Qb3 32. Rdc1 Bb7 33. h6 Qxa3 34. hxg7+ Kxg7 35. Qg3+ Kxh7 36. Ng5+ fxg5+ 37. Qf2 Rxf2+ 38. Kxf2 Rxc4 39. Rxc4 Qd6 40. Ke3 Ba6 41. Rxa4 Bxe2 42. Kxe2 Qc6 0-1


[Site "https://www.chess.com"]

[Event "Titled Tuesday Blitz August 16 Late 2022"]
[White "Prieto Aranguren, Alain"]
[Black "Burke, Paul"]
[WhiteFideId "2268906"]
[BlackFideId "2605767"]
[WhiteElo "2224"]
[BlackElo "1918"]
[Result "1-0"]
[Round "04"]
[TimeControl "180+1"]
[Date "2022.08.18"]
[WhiteClock "0:00:00"]
[BlackClock "0:00:00"]

1. d4 c5 2. d5 Nf6 3. Nc3 d6 4. e4 e6 5. Bb5+ Bd7 6. dxe6 fxe6 7. e5 dxe5 8. Bc4 Be7 9. Nf3 O-O 10. Nxe5 Kh8 11. O-O a6 12. Nxd7 Nbxd7 13. Bxe6 b5 14. Nd5 Nxd5 15. Bxd5 Rb8 16. a4 Nb6 17. Bf3 Qc7 18. axb5 axb5 19. Qe2 Bd6 20. h3 Nc4 21. Ra6 Ne5 22. Bd5 c4 23. Be3 b4 24. Ra7 Qd8 25. Qh5 Qf6 26. Rfa1 Ng6 27. R1a6 Nf4 28. Qf3 Nxd5 29. Qxd5 Rbd8 30. Bc5 1-0


[Site "https://www.chess.com"]

[Event "Titled Tuesday Blitz August 16 Late 2022"]
[White "Proudian, Armen"]
[Black "Sarkar, Justin"]
[WhiteFideId "2130734"]
[BlackFideId "2010011"]
[WhiteElo "2380"]
[BlackElo "2076"]
[Result "1-0"]
[Round "04"]
[TimeControl "180+1"]
[Date "2022.08.18"]
[WhiteClock "0:00:00"]
[BlackClock "0:00:00"]

1. e4 e5 2. Nf3 Nc6 3. Bb5 a6 4. Ba4 Nf6 5. d3 Bc5 6. O-O b5 7. Bb3 O-O 8. a4 Rb8 9. axb5 axb5 10. Bg5 h6 11. Bh4 Be7 12. Nc3 d6 13. h3 Nd4 14. Nxd4 exd4 15. Ne2 c5 16. Bxf6 Bxf6 17. Bd5 Be6 18. Bxe6 fxe6 19. Nf4 Qd7 20. Qg4 Rbe8 21. Ra6 Bg5 22. Ne2 Ra8 23. Rfa1 Rxa6 24. Rxa6 Qf7 25. f4 Bxf4 26. Nxf4 Qxf4 27. Qxf4 Rxf4 28. Rxd6 Kf7 29. Rc6 c4 30. Rb6 c3 31. bxc3 dxc3 32. Rxb5 Kf6 33. Rc5 1-0


[Site "https://www.chess.com"]

[Event "Titled Tuesday Blitz August 16 Late 2022"]
[White "Prydun, Andriy"]
[Black "Yaksin, Oleg"]
[WhiteFideId "14145898"]
[BlackFideId "24105880"]
[WhiteElo "2163"]
[BlackElo "2256"]
[Result "1-0"]
[Round "04"]
[TimeControl "180+1"]
[Date "2022.08.18"]
[WhiteClock "0:00:00"]
[BlackClock "0:00:00"]

1. e4 e6 2. d3 d5 3. Nd2 Nc6 4. Ngf3 Nf6 5. Qe2 dxe4 6. Nxe4 Be7 7. Bf4 O-O 8. g3 Re8 9. Bg2 e5 10. Nxe5 Nxe5 11. Bxe5 Ng4 12. Bc3 f5 13. Rd1 Bc5 14. O-O fxe4 15. dxe4 Qe7 16. h3 Nh6 17. Kh2 Be6 18. f4 Qf7 19. b3 Rad8 20. g4 Rxd1 21. Qxd1 Be3 22. f5 Bc8 23. e5 c6 24. e6 Qc7+ 25. Kh1 Bg5 26. Bd2 Qe7 27. Qc1 Bxd2 28. Qxd2 Qh4 29. Qf4 Rf8 30. a4 Qe7 31. Qe5 Kh8 32. a5 Nf7 33. Qd4 Nd6 34. c4 b6 35. b4 bxa5 36. bxa5 Nb7 37. Bxc6 Nxa5 38. Bd5 Nb3 39. Qc3 Nc5 40. Qe3 Bb7 41. g5 Bxd5+ 42. cxd5 Nb7 43. Qe5 Nd6 44. f6 Nc4 45. fxe7 Rxf1+ 46. Kg2 1-0


[Site "https://www.chess.com"]

[Event "Titled Tuesday Blitz August 16 Late 2022"]
[White "Przybylski, Wojciech"]
[Black "Stanisz, Patryk"]
[WhiteFideId "1117599"]
[BlackFideId "1123106"]
[WhiteElo "2133"]
[BlackElo "1833"]
[Result "1-0"]
[Round "04"]
[TimeControl "180+1"]
[Date "2022.08.18"]
[WhiteClock "0:00:00"]
[BlackClock "0:00:00"]

1. e4 c5 2. Nf3 Nc6 3. d4 cxd4 4. Nxd4 Nf6 5. Nc3 e5 6. Ndb5 d6 7. Bg5 a6 8. Na3 b5 9. Nd5 Qa5+ 10. Bd2 Qd8 11. Bg5 Qa5+ 12. c3 Nxe4 13. Be3 Rb8 14. Bd3 Nc5 15. Bc2 Qd8 16. O-O Be6 17. b4 Nd7 18. f4 Nf6 19. Nxf6+ gxf6 20. f5 Bc8 21. Bb3 Ne7 22. Qh5 d5 23. Bc5 Bb7 24. Rad1 Rc8 25. Qh4 Bg7 26. Qg4 Bh6 27. Qh5 Bg7 28. Rd3 Qd7 29. Rg3 Kf8 30. Nc2 Rxc5 31. bxc5 Qc7 32. Kh1 Qxc5 33. Qg4 Rg8 34. Qb4 Qc6 35. a4 Ke8 36. axb5 axb5 37. Ra1 Bf8 38. Rf3 Rg5 39. Ra5 d4 40. cxd4 Rxf5 41. d5 Qxd5 42. Bxd5 1-0


[Site "https://www.chess.com"]

[Event "Titled Tuesday Blitz August 16 Late 2022"]
[White "Putnam, Liam"]
[Black "Meduri, Aakaash"]
[WhiteFideId "30938279"]
[BlackFideId "2032252"]
[WhiteElo "2035"]
[BlackElo "2113"]
[Result "1-0"]
[Round "04"]
[TimeControl "180+1"]
[Date "2022.08.18"]
[WhiteClock "0:00:00"]
[BlackClock "0:00:00"]

1. Nf3 d5 2. b3 Nf6 3. Bb2 c5 4. e3 g6 5. c4 e6 6. cxd5 exd5 7. d4 cxd4 8. Qxd4 Bg7 9. Qe5+ Be6 10. Bb5+ Nbd7 11. Nd4 Qa5+ 12. Bc3 Qxb5 13. Nxb5 Nxe5 14. Bxe5 O-O 15. N1c3 a6 16. Nd4 Rfc8 17. Rc1 Ne4 18. Bxg7 Rxc3 19. Rxc3 Nxc3 20. Nxe6 Nxa2 21. Nc7 Rc8 22. Be5 f6 23. Bg3 Kf7 24. Kd2 Nb4 25. Rc1 h5 26. Bd6 Nc6 27. Bg3 Rd8 28. Nxa6 g5 29. h3 d4 30. e4 Na5 31. Nc5 b6 32. b4 bxc5 33. bxa5 Rc8 34. Kd3 Ke6 35. f4 h4 36. f5+ Kd7 37. Bf2 Kc6 38. Bxd4 Rd8 39. Rxc5+ Kd6 40. Rd5+ Ke7 41. Rxd8 Kf7 42. Rd7+ Kg8 43. Rb7 g4 44. a6 g3 45. a7 Kf8 46. a8=R# 1-0


[Site "https://www.chess.com"]

[Event "Titled Tuesday Blitz August 16 Late 2022"]
[White "Quispe Santacruz, Javier"]
[Black "Urh, Zala"]
[WhiteFideId "3800920"]
[BlackFideId "14611481"]
[WhiteElo "1929"]
[BlackElo "2097"]
[Result "0-1"]
[Round "04"]
[TimeControl "180+1"]
[Date "2022.08.18"]
[WhiteClock "0:00:00"]
[BlackClock "0:00:00"]

1. d4 d5 2. c4 c6 3. Nf3 Nf6 4. Nc3 dxc4 5. a4 Bf5 6. e3 e6 7. Bxc4 Bb4 8. O-O Nbd7 9. Qe2 Bg6 10. e4 O-O 11. Bg5 Be7 12. Bd3 Bh5 13. h3 Re8 14. e5 Nd5 15. Bxe7 Qxe7 16. Be4 Bg6 17. Bxg6 hxg6 18. Ne4 N7b6 19. Nd6 Red8 20. Qe4 Nc8 21. Nc4 Ndb6 22. Nfd2 a5 23. b3 Qb4 24. Nxb6 Nxb6 25. Nf3 Nd5 26. Qh4 Ne7 27. Ng5 Nf5 28. Qh7+ Kf8 29. g4 Qd2 30. f4 Qxd4+ 31. Rf2 Qxa1+ 32. Kh2 Qd4 33. Kg1 Qe3 34. gxf5 Qg3+ 0-1


[Site "https://www.chess.com"]

[Event "Titled Tuesday Blitz August 16 Late 2022"]
[White "Reprintsev, Alexander"]
[Black "Adury, Anant"]
[WhiteFideId "14100541"]
[BlackFideId "30964687"]
[WhiteElo "2108"]
[BlackElo "2028"]
[Result "1-0"]
[Round "04"]
[TimeControl "180+1"]
[Date "2022.08.18"]
[WhiteClock "0:00:00"]
[BlackClock "0:00:00"]

1. e4 d6 2. d4 e5 3. dxe5 dxe5 4. Qxd8+ Kxd8 5. f4 Bd6 6. Nf3 Nd7 7. Bc4 exf4 8. Bxf7 Nh6 9. Bc4 Ne5 10. Nxe5 Bxe5 11. O-O Rf8 12. Nd2 Bg4 13. Nf3 Bxf3 14. gxf3 Ke7 15. c3 Nf7 16. Bd2 Nd6 17. Bb3 g5 18. Rad1 h5 19. Be1 c5 20. Bd5 Rab8 21. b3 b6 22. c4 Bd4+ 23. Kh1 Nf7 24. h4 g4 25. fxg4 Ne5 26. g5 f3 27. Bg3 Kd6 28. b4 a5 29. Rxd4 cxd4 30. c5+ bxc5 31. bxc5+ Kxc5 32. Bxe5 Rb2 33. Rc1+ Kb4 34. Bxd4 Rd2 35. Bc3+ 1-0


[Site "https://www.chess.com"]

[Event "Titled Tuesday Blitz August 16 Late 2022"]
[White "Rios Escobar, Adan"]
[Black "Begmuratov, Khumoyun"]
[WhiteFideId "3403645"]
[BlackFideId "14210207"]
[WhiteElo "2276"]
[BlackElo "1978"]
[Result "1-0"]
[Round "04"]
[TimeControl "180+1"]
[Date "2022.08.18"]
[WhiteClock "0:00:00"]
[BlackClock "0:00:00"]

1. d4 Nf6 2. g3 c5 3. d5 g6 4. c4 Bg7 5. Nc3 e6 6. Bg2 exd5 7. cxd5 d6 8. Nf3 O-O 9. O-O a6 10. a4 Re8 11. Re1 Ne4 12. Nxe4 Rxe4 13. Qc2 Bf5 14. Bh3 Qc8 15. Qxe4 Bxh3 16. Ng5 Bf5 17. Qe7 Qd7 18. Qxd7 Bxd7 19. Bf4 Bxb2 20. Rab1 Bc3 21. Rec1 Bb4 22. Bxd6 Bxa4 23. Rxb4 cxb4 24. Rc8+ Kg7 25. Be5+ f6 26. Ne6+ Kf7 27. Bd6 Be8 28. Bxb4 a5 29. Bd6 a4 30. Nc7 Ra6 31. Nxe8 Nd7 32. Ba3 Nb6 33. Nd6+ Kg7 34. Rc7+ Kh6 35. Nf7+ Kg7 36. d6 Na8 37. Rxb7 Rb6 38. Nd8+ Rxb7 39. Nxb7 Nb6 40. Nc5 Kf7 41. e4 Ke8 42. f4 Nc4 43. Bb4 a3 44. Nb3 a2 45. Kf2 Kd7 46. e5 fxe5 47. fxe5 Nxe5 48. Ke3 Nc6 49. Ba3 Na5 50. Na1 Nc4+ 51. Ke4 Nxa3 52. Ke5 Nb5 53. g4 Nxd6 54. Kf6 Ne4+ 55. Kg7 Kd6 56. Kxh7 Kc5 57. Kxg6 Kc4 58. h4 Kc3 59. h5 Kb2 60. h6 Kxa1 61. h7 Kb1 62. h8=Q a1=Q 63. Qh1+ Kb2 64. Qxe4 Qa6+ 65. Kf5 Qc8+ 66. Qe6 Qc2+ 67. Kf6 Qf2+ 68. Ke7 Ka3 69. Qd6+ Ka4 70. Qd7+ Ka5 71. Qf5+ 1-0


[Site "https://www.chess.com"]

[Event "Titled Tuesday Blitz August 16 Late 2022"]
[White "Romanchuk, Viktor"]
[Black "Martinez Reyes, Pedro Ramon"]
[WhiteFideId "14109271"]
[BlackFideId "3901807"]
[WhiteElo "2242"]
[BlackElo "2327"]
[Result "0-1"]
[Round "04"]
[TimeControl "180+1"]
[Date "2022.08.18"]
[WhiteClock "0:00:00"]
[BlackClock "0:00:00"]

1. d4 d6 2. c4 Nf6 3. Nf3 Nbd7 4. g3 e5 5. Nc3 Be7 6. Bg2 O-O 7. O-O c6 8. e4 Qe8 9. h3 Bd8 10. Be3 Ba5 11. Qc2 Bxc3 12. bxc3 b6 13. a4 Ba6 14. Nd2 Rc8 15. Rfc1 Qe6 16. Qa2 Rfe8 17. a5 b5 18. cxb5 cxb5 19. d5 Qe7 20. Bxa7 Nc5 21. Bb6 Nfd7 22. c4 bxc4 23. Nxc4 Bxc4 24. Qxc4 Nxb6 25. axb6 Rb8 26. Rcb1 Rb7 27. Qb5 Reb8 28. Qc6 Qd8 29. h4 g6 30. Rb2 Rxb6 31. Rxb6 Qxb6 32. Ra8 Kg7 33. Rxb8 Qxb8 34. Bf3 h5 35. Kg2 Qd8 36. Qb5 Qf6 37. Qe2 Qe7 38. Qe3 Qc7 39. Qg5 f6 40. Qd2 Qb6 41. Qe3 Qb2 42. Qe1 Nd3 43. Qe2 Qd4 44. Kg1 Qa1+ 45. Kg2 Ne1+ 46. Kh2 Qc3 47. Bg2 Nd3 48. Bf3 Qd4 49. Kg2 Nc5 50. Kh2 Qc3 51. Kg2 Nd3 52. Kg1 Nc1 53. Qd1 Nb3 54. Kg2 Nc5 55. Qe2 Qd4 56. Kg1 Kh6 57. Kg2 Nd3 58. Qe3+ Qxe3 59. fxe3 Nc5 60. Kf1 g5 61. Ke1 gxh4 62. gxh4 Nd3+ 63. Ke2 Nc5 64. Kd2 Nd7 65. Kc3 Nf8 66. Kb4 Ng6 67. Kb5 Nxh4 68. Bh1 f5 69. Kc6 f4 70. exf4 exf4 71. Kxd6 f3 72. Bxf3 Nxf3 73. Ke7 h4 74. d6 Ne5 75. d7 h3 76. d8=Q Nc6+ 0-1


[Site "https://www.chess.com"]

[Event "Titled Tuesday Blitz August 16 Late 2022"]
[White "Rostovtsev, Dmitry"]
[Black "Martic, Ivan"]
[WhiteFideId "34278320"]
[BlackFideId "929301"]
[WhiteElo "2295"]
[BlackElo "2355"]
[Result "1-0"]
[Round "04"]
[TimeControl "180+1"]
[Date "2022.08.16"]
[WhiteClock "0:01:24"]
[BlackClock "0:00:25"]

1. e4 c5 2. Nf3 Nc6 3. Bb5 g6 4. O-O Bg7 5. Re1 Nf6 6. c3 O-O 7. d4 d5 8. e5 Ne4 9. Bxc6 bxc6 10. Be3 cxd4 11. cxd4 f6 12. Nbd2 fxe5 13. Nxe5 Qd6 14. Nxe4 dxe4 15. Rc1 Bxe5 16. dxe5 Qxd1 17. Rexd1 Bg4 18. Rd4 Bf5 19. Rxc6 Rac8 20. Rxc8 Rxc8 21. h3 h5 22. Ra4 Rc2 23. b3 Kf7 24. Rxa7 Ke6 25. Bg5 Kxe5 26. Rxe7+ Kd4 27. Be3+ Kd3 28. h4 Rxa2 29. b4 Rb2 30. Bc5 Rb1+ 31. Kh2 Rb2 32. Kg3 Ke2 33. Kf4 Kf1 34. g3 Kg2 35. Rb7 Rc2 36. Be3 Rb2 37. b5 Rb3 38. b6 Rb5 39. Rb8 Bg4 40. Kxe4 Bf3+ 41. Kd4 Rb1 42. Ke5 Rb5+ 43. Kf6 Be4 44. Re8 Kf3 45. Re5 Rb3 46. Ke7 Rb1 47. Kd8 Rc1 48. Re7 Rd1+ 49. Kc7 Rc1+ 50. Kb8 Ra1 51. b7 Rb1 52. Kc8 Bf5+ 53. Kc7 1-0


[Site "https://www.chess.com"]

[Event "Titled Tuesday Blitz August 16 Late 2022"]
[White "Rytenko, Vsevolod"]
[Black "Shimanov, Aleksandr"]
[WhiteFideId "14133040"]
[BlackFideId "4198603"]
[WhiteElo "2120"]
[BlackElo "2605"]
[Result "0-1"]
[Round "04"]
[TimeControl "180+1"]
[Date "2022.08.16"]
[WhiteClock "0:00:02"]
[BlackClock "0:00:23"]

1. e4 d5 2. Nc3 dxe4 3. Nxe4 Nf6 4. Nxf6+ exf6 5. d4 Bd6 6. Bd3 O-O 7. Ne2 Re8 8. O-O Nd7 9. c3 Nf8 10. Bf4 Rxe2 11. Bxd6 Rxb2 12. Bb4 a5 13. Qc1 Rxb4 14. cxb4 Qxd4 15. Rd1 Qe5 16. Re1 Qd6 17. Re8 axb4 18. Qe3 b3 19. a4 b2 20. Rb1 Rxa4 21. Rxc8 Ra3 22. Rd1 Rxd3 23. Rxf8+ Kxf8 0-1


[Site "https://www.chess.com"]

[Event "Titled Tuesday Blitz August 16 Late 2022"]
[White "Sadovsky, Artem"]
[Black "Averjanov, Alexey"]
[WhiteFideId "4155840"]
[BlackFideId "14109867"]
[WhiteElo "2312"]
[BlackElo "2399"]
[Result "0-1"]
[Round "04"]
[TimeControl "180+1"]
[Date "2022.08.18"]
[WhiteClock "0:00:00"]
[BlackClock "0:00:00"]

1. e3 c5 2. Nf3 Nc6 3. d4 cxd4 4. exd4 d5 5. c3 Nf6 6. Be2 Bf5 7. O-O e6 8. Nbd2 Be7 9. Re1 h6 10. Nf1 O-O 11. Ng3 Bg6 12. Bf4 Ne4 13. Ne5 Nxe5 14. Bxe5 Nxg3 15. Bxg3 Bd6 16. Bd3 Bxd3 17. Qxd3 Bxg3 18. Qxg3 Qf6 19. Re5 Rab8 20. Rae1 b6 21. h4 b5 22. h5 b4 23. Kh2 bxc3 24. bxc3 Rb2 25. R1e2 Rfb8 26. f4 Rxe2 27. Rxe2 Rb1 28. Rf2 Qf5 29. Qh3 Qe4 30. f5 exf5 31. Qxf5 Qh4+ 32. Qh3 Qxf2 33. Qc8+ Kh7 34. Qf5+ Qxf5 0-1


[Site "https://www.chess.com"]